 Dungeon Crawl Stone Soup version 0.29-a0-821-g66395355a5 (webtiles) character file.

Game seed: 5441298198337111050

630 quixfox the Chopper (level 7, -8/61 HPs)
             Began as a Hill Orc Fighter on July 7, 2022.
             Mangled by Duvessa
             ... wielding a +0 short sword
              (17 damage)
             ... on level 4 of the Dungeon.
             The game lasted 00:14:07 (4199 turns).

quixfox the Chopper (Hill Orc Fighter)              Turns: 4199, Time: 00:14:08

Health: -8/61      AC: 13    Str: 21    XL:     7   Next: 48%
Magic:  7/7        EV:  7    Int:  8    God:
Gold:   220        SH:  5    Dex: 10    Spells: 6/6 levels left

rFire   . . .      SeeInvis .   a - +1 war axe
rCold   + . .      Faith    .   c - +0 buckler
rNeg    . . .      Spirit   .   m - +0 chain mail
rPois   .          Reflect  .   u - +0 helmet
rElec   .          Harm     .   d - +0 cloak
rCorr   .          Rampage  .   f - +0 pair of gloves
Will    .....                   (no boots)
Stlth   ..........              (no amulet)
HPRegen 0.20/turn               v - ring of protection from cold
MPRegen 0.10/turn               (no ring)

@: no status effects
A: no striking features
a: no special abilities


You were on level 4 of the Dungeon.
You visited 1 branch of the dungeon, and saw 4 of its levels.

You collected 220 gold pieces.

Inventory:

Hand Weapons
 a - a +1 war axe (weapon)
Armour
 c - a +0 buckler (worn)
 d - a +0 cloak (worn)
 f - a +0 pair of gloves (worn)
 m - a +0 chain mail (worn)
 u - a +0 helmet (worn)
Jewellery
 l - a ring of ice
 v - a ring of protection from cold (left hand)
Wands
 j - a wand of flame (17) (quivered)
Scrolls
 b - 3 scrolls of blinking {unknown}
 o - a scroll of noise {unknown}
 p - a scroll of fog {unknown}
 q - a scroll of teleportation
 s - 2 scrolls of enchant armour {unknown}
Potions
 e - 2 potions of curing
 g - 2 potions of heal wounds
 h - 4 potions of lignification
 i - a potion of magic {unknown}
 k - a potion of cancellation {unknown}
 n - a potion of flight {unknown}
 r - 2 potions of brilliance {unknown}
 t - 3 potions of berserk rage
 w - a potion of might
 z - a potion of degeneration {unknown}


   Skills:
 + Level 5.5 Fighting
 * Level 7.0 Axes
 + Level 5.0 Armour
 - Level 5.0 Shields


You had 6 spell levels left.
You didn't know any spells.
Your spell library contained the following spells:

 Spells                   Type           Power      Damage    Failure   Level
 Ensorcelled Hibernation  Hex/Ice        0%         N/A       100%        2
 Passwall                 Tmut/Erth      0%         N/A       100%        2
 Dazzling Flash           Conj/Hex       0%         N/A       100%        3
 Portal Projectile        Hex/Tloc       0%         N/A       100%        3
 Swiftness                Air            0%         N/A       100%        3
 Tukima's Dance           Hex            0%         N/A       100%        3
 Agony                    Necr           0%         N/A       100%        5
 Blade Hands              Tmut           0%         N/A       100%        5
 Silence                  Hex/Air        0%         N/A       100%        5


Dungeon Overview and Level Annotations

Branches:
Dungeon (4/15)
 Temple: D:4-7

Altars:
Trog

Shops:
D:4 *

Annotations:
D:4 Duvessa


Message History

You barely miss Duvessa. Duvessa hits you but does no damage.
You hit Duvessa.
Duvessa is lightly wounded.
Duvessa hits you with a +0 short sword! You block Duvessa's attack.
You closely miss Duvessa.
Duvessa is lightly wounded.
Duvessa hits you with a +0 short sword! Duvessa hits you but does no damage.
You barely miss Duvessa.
Duvessa is lightly wounded.
Duvessa barely misses you. Duvessa hits you with a +0 short sword.
You hit Duvessa.
Duvessa is lightly wounded.
You block Duvessa's attack. Duvessa hits you but does no damage.
You slash Duvessa!
Duvessa is moderately wounded.
Duvessa closely misses you.
You hit Duvessa.
Duvessa is moderately wounded.
Duvessa closely misses you. Duvessa hits you but does no damage.
You slash Duvessa!
Duvessa is heavily wounded.
You block Duvessa's attack. Duvessa hits you with a +0 short sword!
You barely miss Duvessa.
Duvessa is heavily wounded.
You block Duvessa's attack.
You slash Duvessa!
Duvessa is severely wounded.
Duvessa hits you but does no damage. x2
You slash Duvessa!
Duvessa is almost dead.
Duvessa hits you but does no damage. Duvessa hits you with a +0 short sword!
You hit Duvessa but do no damage.
Duvessa is almost dead.
Duvessa hits you with a +0 short sword!
* * * LOW HITPOINT WARNING * * *
You block Duvessa's attack.
You barely miss Duvessa.
Duvessa is almost dead.
Duvessa completely misses you. Duvessa hits you with a +0 short sword!
You die...

..##..#.......#....#.....#
#.###..........###.......# #
#...............###......# ####
...##....................# ###...
##.##.............##.....###...##
##.##.........†##................
....#.........#####......##......
#.........#..####.#.#.#.#.#......
.#..##...e.....#@.)..............
.##.##.......#.##e#.#.#.#.#......
.# ..#.#.......#.................
................#.#.#.#.#÷#......
............................####.
................#.#.#.#.#.#..###.
.................................
................#.#.#.#.#.#...###
.............................##


You could see Duvessa (berserk).

Vanquished Creatures
  Sigmund (D:2)
  A kobold brigand (D:4)
  3 scorpions
  Dowan (D:4)
  A hound (D:3)
  Robin (D:3)
  3 adders
  A worm (D:4)
  3 dart slugs (D:1)
  10 orcs
  11 ball pythons
  6 bats
  7 endoplasms
  2 giant cockroaches (D:4)
  18 goblins
  8 hobgoblins
  7 kobolds
  4 quokkas
  3 frilled lizards
  3 rats
94 creatures vanquished.

Notes
Turn   | Place    | Note
-------+----------+-------------------------------------------
     0 | D:1      | quixfox the Hill Orc Fighter began the quest for the Orb.
     0 | D:1      | Reached XP level 1. HP: 19/19 MP: 1/1
   250 | D:1      | Reached skill level 3 in Axes
   251 | D:1      | Reached XP level 2. HP: 18/27 MP: 2/2
  1079 | D:1      | You fall into a shaft and drop 1 floor!
  1096 | D:2      | Reached XP level 3. HP: 33/33 MP: 3/3
  1572 | D:2      | Noticed Sigmund
  1577 | D:2      | Killed Sigmund
  1578 | D:2      | Reached skill level 5 in Axes
  1578 | D:2      | Reached XP level 4. HP: 29/41 MP: 4/4
  1578 | D:2      | Reached XP level 5. HP: 33/47 MP: 5/5
  1892 | D:2      | Found a faded altar of an unknown god.
  2657 | D:3      | Reached XP level 6. HP: 55/55 MP: 6/6
  3158 | D:3      | Reached skill level 5 in Fighting
  3359 | D:4      | Noticed Robin
  3392 | D:3      | Killed Robin
  3393 | D:3      | Reached skill level 6 in Axes
  3502 | D:4      | Found a bloodstained altar of Trog.
  3690 | D:4      | Reached XP level 7. HP: 60/61 MP: 7/7
  3726 | D:4      | Found Visitz's Fire Supplies.
  4016 | D:4      | Noticed Dowan
  4016 | D:4      | Noticed Duvessa
  4059 | D:4      | Killed Dowan
  4138 | D:4      | Reached skill level 7 in Axes
  4138 | D:4      | Reached skill level 5 in Armour
  4138 | D:4      | Reached skill level 5 in Shields
  4199 | D:4      | Mangled by Duvessa

Illustrated notes

Levels and vault maps discovered:
D:1:      wheals_arrival_linesprint, layout_basic,
          chequers_serial_rivers_small_3
D:2:      layout_loops_corners, shapermc_ecumenical_altar_venn, serial_glass,
          glass_columns_a, glass_columns_a, minivault_11, uniq_sigmund
D:3:      layout_basic
D:4:      layout_rooms, mainiacjoe_overflow_cross_hatched, st_stairs_11,
          nicolae_shop_fire_sale [nicolae_sub_dead_trees], minmay_unequal,
          uniq_robin, uniq_duvessa

Skill      XL: |  1  2  3  4  5  6  7 |
---------------+----------------------+-----
Axes           | 3 5 6 7 |  7.0
Fighting       | 4 5 |  5.5
Armour         | 4 5 |  5.0
Shields        | 4 5 |  5.0

Action                   |  1- 3 |  4- 6 |  7- 9 || total
-------------------------+-------+-------+-------++-------
Melee: War axe           |    53 |   145 |    65 ||   263
  Use: Potion            |     1 |       |       ||     1
       Scroll            |       |     4 |     3 ||     7
Armor: Scale mail        |    34 |     7 |       ||    41
       Chain mail        |       |    88 |    28 ||   116
Dodge: Dodged            |    27 |    45 |    21 ||    93
Block: Buckler           |     8 |    34 |    18 ||    60

Table legend: (Time is in decaauts)
 A = Elapsed time spent in this place.
 B = Non-inter-level travel time spent in this place.
 C = Inter-level travel time spent in this place.
 D = Time resting spent in this place.
 E = Time spent auto-exploring this place.
 F = Levels seen in this place.
 G = Mean time per level.
                   A        B        C        D        E       F      G
               +--------+--------+--------+--------+--------+-----+--------+
         Total |   4277 |   4173 |    104 |    292 |   2909 |   4 | 1069.2 |
       Dungeon |   4277 |   4173 |    104 |    292 |   2909 |   4 | 1069.2 |
               +--------+--------+--------+--------+--------+-----+--------+

Top non-repeatable levels by time:
     D:1: 1491 daAuts
     D:2: 1092 daAuts
     D:3: 913 daAuts
     D:4: 779 daAuts
